 Dungeon Crawl Stone Soup version 0.20.1-1-g8b1a95d (webtiles) character file.

987 Inarius the Scholar of Death (level 7, -2/52 HPs)
             Began as a Demonspawn Necromancer on July 7, 2017.
             Was a Follower of Kikubaaqudgha.
             Slain by a killer bee (3 damage)
             ... on level 6 of the Dungeon.
             The game lasted 00:22:51 (5408 turns).

Inarius the Scholar of Death (DsNe)                 Turns: 5408, Time: 00:22:52

Health: -2/52      AC:  7    Str:  9    XL:     7   Next: 97%
Magic:  0/13       EV: 11    Int: 18    God:    Kikubaaqudgha [*.....]
Gold:   416        SH:  0    Dex: 13    Spells: 2/14 levels left

rFire    . . .     SeeInvis .   k - +2 dagger (flame)
rCold    . . .     Gourm    .   (no shield)
rNeg     . . .     Faith    .   e - +0 ring mail
rPois    .         Spirit   +   (helmet restricted)
rElec    .         Reflect  .   (no cloak)
rCorr    .         Harm     .   a - +0 pair of gloves
MR       .....                  y - +0 pair of boots
Stlth    +.........             p - amulet of regeneration
Regen    0.6/turn               (no ring)
MPRegen  0.2/turn               (no ring)

@: lethally poisoned (-2 -> -5), flying, invisible
A: antennae 1, powered by death 1, magic shield, sturdy frame 1
a: Receive Corpses, Renounce Religion


You were on level 6 of the Dungeon.
You worshipped Kikubaaqudgha.
Kikubaaqudgha was aware of your devotion.
You were not hungry.

You visited 2 branches of the dungeon, and saw 8 of its levels.

You collected 416 gold pieces.

Inventory:

Hand Weapons
 k - a +2 dagger of flaming (weapon)
 J - a +1 dagger of venom
Armour
 a - a +0 pair of gloves (worn)
 e - a +0 ring mail (worn)
 i - a +2 chain mail of cold resistance
 y - a +0 pair of boots (worn)
 A - a +0 scale mail
 C - a +0 large shield
Jewellery
 p - an amulet of regeneration (around neck)
Wands
 w - a wand of random effects (26/48)
 D - a wand of lightning (5/15)
Scrolls
 d - 2 scrolls of immolation {unknown}
 l - a scroll of blinking {unknown}
 m - 3 scrolls of remove curse
 o - a scroll of amnesia {unknown}
 s - 2 scrolls of teleportation {unknown}
 u - 2 scrolls of enchant weapon {unknown}
 x - a scroll of recharging {unknown}
 E - 2 scrolls of magic mapping
 I - a scroll of noise {unknown}
 K - a scroll of fear {unknown}
Potions
 g - a potion of haste
 q - a potion of mutation {unknown}
 t - a potion of lignification {unknown}
 v - a potion of magic
 z - a potion of ambrosia {unknown}
 F - a potion of heal wounds {unknown}
 H - a potion of degeneration {unknown}
Books
 b - a book of Necromancy

   Spells                             Type                      Level
   a - Pain                           Necromancy                   1
   b - Animate Skeleton               Necromancy                   1
   c - Vampiric Draining              Necromancy                   3
   d - Regeneration                   Charms/Necromancy            3
   e - Animate Dead                   Necromancy                   4
   f - Control Undead                 Necromancy                   4
 r - Kikubaaqudgha's Collected Works on Black Secrets
   (Kikubaaqudgha gifted it to you on level 5 of the Dungeon)

   Spells                             Type                      Level
   a - Pain                           Necromancy                   1
   b - Corpse Rot                     Necromancy                   2
   c - Sublimation of Blood           Necromancy                   2
   d - Vampiric Draining              Necromancy                   3
   e - Control Undead                 Necromancy                   4
Comestibles
 c - 4 bread rations
 f - 6 royal jellies
 j - 5 fruits
 n - 3 meat rations
 L - 3 chunks of flesh


   Skills:
 * Level 3.2 Fighting
   Level 0.1 Maces & Flails
 - Level 3.0 Armour
 + Level 2.6 Dodging
 - Level 1.7 Stealth
 + Level 4.1 Spellcasting
 * Level 0.5 Charms
 * Level 7.8 Necromancy
 * Level 0.6 Evocations


You had 2 spell levels left.
You knew the following spells:

 Your Spells              Type           Power        Failure   Level  Hunger
a - Pain                  Necr           ####         1%          1    None
b - Animate Skeleton      Necr           N/A          1%          1    None
c - Vampiric Draining     Necr           ####......   2%          3    ###....
d - Regeneration          Chrm/Necr      ###.......   13%         3    ###....
e - Animate Dead          Necr           N/A          10%         4    ####...


Dungeon Overview and Level Annotations

Branches:
Dungeon (7/15)             Temple (1/1) D:4

Altars:
Cheibriados
Dithmenos
Elyvilon
Fedhas
Gozag
Hepliaklqana
Kikubaaqudgha
Makhleb
Nemelex Xobeh
Okawaru
Qazlal
Ru
Sif Muna
Trog
Uskayaw
Vehumet
Xom
Zin
The Shining One


Innate Abilities, Weirdness & Mutations

You have a pair of small antennae on your head.
You regenerate a little health from kills.
When hurt, damage is shared between your health and your magic reserves.
Your movements are slightly less encumbered by armour. (ER -2)


Message History

You are poisoned.
The killer bee poisons you! The killer bee barely misses you.
The killer bee stings you.
* * * LOW HITPOINT WARNING * * *
The killer bee misses you.
It was a potion of flight.
You feel very buoyant.
You fly up into the air.
You feel sick. The killer bee stings you.
* * * LOW HITPOINT WARNING * * *
You are lethally poisoned!
The killer bee poisons you! The killer bee stings you.
* * * LOW HITPOINT WARNING * * *
The killer bee stings you but does no damage.
The killer bee closely misses you. The killer bee barely misses you. x2
It was a potion of invisibility.
You fade into invisibility!
* * * LOW HITPOINT WARNING * * *
You feel sick. The killer bee stings you.
You die...
Kikubaaqudgha rasps: "You have failed me!
Welcome... death!"

.............................# #.
#####.###..............##....# ##
# #.# #..............##....# #
#####.# #.............(##....# #
....#.# #.....##.....####....# #
.#.##.###.....##.....# #....# #
........####+###.....####....## #
.........##..# #.y...#........# #
...#.........# #@y...#........###
...#.....##[## #.y...#...........
.....##.....######.###........###
...#.##..#..##.###.# #........# #
...#.##............#####.###### #
............##.##....###.########
................+....'...........
......#.....##.##....###..#######
...#.............#'### #)[# #


You could see 3 killer bees.

Vanquished Creatures
  An ice beast (D:5)
  An ogre (D:6)
  A centaur (D:6)
  2 scorpions
  A howler monkey (D:5)
  3 hounds
  A bullfrog skeleton (D:7)
  A centaur skeleton (D:4)
  A jelly (D:6)
  6 orc wizards
  2 iguanas (D:5)
  2 worker ant zombies
  Robin (D:4)
  A howler monkey skeleton (D:4)
  6 adders
  A shadow imp (D:5)
  An ooze (D:3)
  An adder skeleton (D:6)
  An adder zombie (D:6)
  A worm (D:2)
  4 dart slugs
  3 leopard geckos
  11 orcs
  7 bats
  4 giant cockroaches
  11 goblins
  6 hobgoblins
  4 jackals (D:5)
  6 kobolds
  7 quokkas
  2 ball pythons
  2 frilled lizards (D:1)
  A jackal skeleton (D:4)
  A leopard gecko skeleton (D:5)
  A leopard gecko zombie (D:5)
  A quokka skeleton (D:5)
  6 rats
  A fungus (D:2)
113 creatures vanquished.

Vanquished Creatures (collateral kills)
  A hobgoblin (D:1)
  A kobold (D:3)
  3 rats
5 creatures vanquished.

Vanquished Creatures (others)
  A fungus (D:2)
1 creature vanquished.

Grand Total: 119 creatures vanquished

Notes
Turn   | Place    | Note
-------+----------+-------------------------------------------
     0 | D:1      | Inarius the Demonspawn Necromancer began the quest for the Orb.
     0 | D:1      | Reached XP level 1. HP: 13/13 MP: 3/3
    33 | D:1      | Learned a level 1 spell: Animate Skeleton
   311 | D:1      | Gained mutation: You have a pair of small antennae on your head. [demonic ancestry]
   311 | D:1      | Reached XP level 2. HP: 20/20 MP: 3/5
   522 | D:2      | Reached skill level 1 in Fighting
   737 | D:1      | Reached skill level 1 in Armour
  1054 | D:2      | Gained mutation: Your movements are slightly less encumbered by armour. (ER -2) [demonic ancestry]
  1054 | D:2      | Reached XP level 3. HP: 24/26 MP: 2/6
  1177 | D:2      | Learned a level 3 spell: Vampiric Draining
  1368 | D:2      | Reached skill level 5 in Necromancy
  1725 | D:3      | Gained mutation: When hurt, damage is shared between your health and your magic reserves. [demonic ancestry]
  1725 | D:3      | Reached XP level 4. HP: 30/32 MP: 2/7
  2034 | D:2      | Reached XP level 5. HP: 37/37 MP: 9/9
  2082 | D:3      | Learned a level 3 spell: Regeneration
  2548 | D:4      | Found a radiant altar of Vehumet.
  2700 | D:4      | Found a staircase to the Ecumenical Temple.
  2716 | Temple   | Entered the Ecumenical Temple
  2770 | D:4      | Found an ancient bone altar of Kikubaaqudgha.
  2782 | D:4      | Became a worshipper of Kikubaaqudgha
  2860 | D:4      | Noticed Robin
  2882 | D:4      | Killed Robin
  3088 | D:4      | Found a stormy altar of Qazlal.
  3088 | D:4      | Noticed a fire elemental
  3091 | D:4      | Noticed an air elemental
  3094 | D:4      | Noticed a water elemental
  3126 | D:5      | Entered Level 5 of the Dungeon
  3141 | D:5      | Noticed an angel
  3142 | D:5      | Found a glowing silver altar of Zin.
  3167 | D:5      | Reached skill level 6 in Necromancy
  3167 | D:5      | Gained mutation: You regenerate a little health from kills. [demonic ancestry]
  3167 | D:5      | Reached XP level 6. HP: 43/44 MP: 5/10
  3512 | D:5      | Noticed an ice beast
  3531 | D:5      | Killed an ice beast
  3772 | D:5      | Reached * piety under Kikubaaqudgha
  3772 | D:5      | Identified Kikubaaqudgha's Collected Works on Black Secrets (Kikubaaqudgha gifted it to you on level 5 of the Dungeon)
  3772 | D:5      | Received a gift from Kikubaaqudgha
  3903 | D:5      | Reached XP level 7. HP: 49/51 MP: 12/12
  4214 | D:5      | Reached skill level 7 in Necromancy
  4791 | D:6      | Learned a level 4 spell: Animate Dead
  5407 | D:6      | HP: 2/52 [killer bee (2)]
  5408 | D:6      | Slain by a killer bee

Skill      XL: |  1  2  3  4  5  6  7 |
---------------+----------------------+-----
Fighting       | 1 2 3 |  3.2
Armour         | 1 2 3 |  3.0
Necromancy     | 5 6 7 |  7.8
Dodging        | 2 |  2.6
Spellcasting   | 3 4 |  4.1
Maces & Flails | |  0.1
Stealth        | |  1.7
Charms         | |  0.5
Evocations     | |  0.6

Action                   |  1- 3 |  4- 6 |  7- 9 || total
-------------------------+-------+-------+-------++-------
Melee: Whip              |    89 |       |       ||    89
       Unarmed           |     5 |       |       ||     5
       Rapier            |     2 |   118 |       ||   120
       Dagger            |       |    81 |   109 ||   190
 Cast: Pain              |    45 |    39 |    23 ||   107
       Animate Skeleton  |    11 |    22 |     4 ||    37
       Vampiric Draining |       |     6 |     5 ||    11
       Animate Dead      |       |       |     2 ||     2
Evoke: Wand              |       |       |     2 ||     2
  Use: Scroll            |     1 |       |     5 ||     6
       Potion            |       |       |     4 ||     4
 Stab: Sleeping          |       |       |     1 ||     1
  Eat: Chunk             |     4 |     8 |     1 ||    13
       Bread ration      |       |       |     1 ||     1
Armor: Ring mail         |    61 |    67 |    51 ||   179
Dodge: Dodged            |    71 |   117 |    95 ||   283
